 Dungeon Crawl Stone Soup version 0.23.2-40-g277498a001 (webtiles) character file.

Game seed: 14445296908531425056

120802 kotomi the Warrior (level 16, 0/213 HPs)
             Began as a Demonspawn Berserker on Sept 26, 2019.
             Was a Priest of Trog.
             Slain by a demonic crawler (1 damage)
             ... on level 3 of the Spider Nest.
             The game lasted 02:26:06 (18688 turns).

kotomi the Warrior (Demonspawn Berserker)          Turns: 18688, Time: 02:26:06

Health: 0/213      AC: 16    Str: 25    XL:     16   Next: 30%
Magic:  16/16      EV:  2    Int:  6    God:    Trog [***...]
Gold:   3162       SH:  0    Dex: 19    Spells: 15/15 levels left

rFire    . . .     SeeInvis .   J - +8 lajatang of Starshine {slice, rPois rC+++ Int-2 Dex+2}
rCold    + + +     Gourm    .   (shield currently unavailable)
rNeg     + + +     Faith    .   (armour currently unavailable)
rPois    +         Spirit   .   (helmet currently unavailable)
rElec    .         Reflect  .   (cloak currently unavailable)
rCorr    .         Harm     .   (gloves unavailable)
MR       +++..     NoTele   +   (boots currently unavailable)
Stlth    ++++......             q - amulet "Ginn" {Regen+ Str+4}
HPRegen  2.85/turn              O - +5 ring of evasion
MPRegen  0.15/turn              x - ring of stealth

@: lethally poisoned (0 -> -1), tree-form, corroded, berserk cooldown, starving,
regenerating, slowed, very slow
A: rugged brown scales 1, powered by death 2
a: Berserk, Trog's Hand, Renounce Religion


You were on level 3 of the Spider Nest.
You worshipped Trog.
Trog was most pleased with you.
You were starving.
You were a tree.
You visited 4 branches of the dungeon, and saw 22 of its levels.
You also visited: Ossuary, Gauntlet and Ice Cave.

You collected 3540 gold pieces.
You spent 378 gold pieces at shops.

Inventory:

Hand Weapons
 J - the +8 lajatang of Starshine (weapon) {slice, rPois rC+++ Int-2 Dex+2}
   (Trog gifted it to you on level 7 of the Dungeon)

   It inflicts extra damage upon your enemies.
   It affects your intelligence (-2).
   It affects your dexterity (+2).
   It renders you almost immune to cold.
   It protects you from poison.
 P - the +9 heavy crossbow "Sniper" {velocity, Acc+∞ SInv}
   (You found it on level 8 of the Dungeon)

   Any bolt fired from it inflicts extra damage.
   It lets you see invisible.
Missiles
 z - 19 poisoned javelins (quivered)
 D - 38 tomahawks
Armour
 i - +0 ice dragon scales
 m - a +5 plate armour of poison resistance (melded)
 p - a +1 cloak of invisibility (melded)
 E - +0 pearl dragon scales
 R - a +2 helmet of see invisible (melded)
 V - the +5 chain mail of Emnan {*Drain rC+++ Str+6}
   (You found it on level 9 of the Dungeon)

   It affects your strength (+6).
   It renders you almost immune to cold.
   It causes draining when unequipped.
Jewellery
 q - the amulet "Ginn" (around neck) {Regen+ Str+4}
   (You found it in a Gauntlet)

   [amulet of regeneration]

   It affects your strength (+4).
   It increases your rate of regeneration.
 r - a +3 ring of protection
 x - a ring of stealth (right branch)
 A - an uncursed ring of resist corrosion
 C - the amulet of Gihot {Gourm rPois Int+7}
   (You found it on level 2 of the Spider Nest)

   [amulet of the gourmand]

   It allows you to eat raw meat even when not hungry.
   It affects your intelligence (+7).
   It protects you from poison.
 M - a +3 ring of strength
 O - a +5 ring of evasion (left branch)
 U - an uncursed amulet of harm
 Y - an uncursed amulet of faith
 Z - the ring of Prescription {Ice rElec rPois Int+6 Dex-2}
   (You found it in an ice cave)

   [ring of ice]

   It enhances your ice magic.
   It affects your intelligence (+6).
   It affects your dexterity (-2).
   It makes you vulnerable to fire.
   It protects you from cold.
   It insulates you from electricity.
   It protects you from poison.
Wands
 l - a wand of polymorph (34)
 w - a wand of enslavement (17)
 y - a wand of disintegration (11)
 B - a wand of iceblast (34)
 F - a wand of acid (9)
 G - a wand of random effects (12)
 W - a wand of digging (4)
Scrolls
 b - 9 scrolls of remove curse
 e - 4 scrolls of teleportation
 h - 4 scrolls of identify
 j - 5 scrolls of fear
 H - a scroll of brand weapon
 L - 5 scrolls of magic mapping
 N - 8 scrolls of enchant weapon
 S - 2 scrolls of blinking
 X - a scroll of summoning
Potions
 d - 2 potions of agility
 f - a potion of heal wounds
 g - 7 potions of curing
 k - 3 potions of lignification
 o - 2 potions of resistance
 t - 5 potions of haste
 u - 2 potions of cancellation
 v - 3 potions of magic
 I - 4 potions of flight
 K - 2 potions of might
 T - a potion of ambrosia
Miscellaneous
 n - a lightning rod (4/4)
 s - a crystal ball of energy
 Q - a phial of floods
Comestibles
 c - 27 rations


   Skills:
 + Level 15.9 Fighting
   Level 5.8 Axes
 - Level 14.0 Staves
 + Level 3.3 Throwing
 + Level 14.0 Armour
 + Level 8.3 Dodging
 + Level 5.6 Stealth


You had 15 spell levels left.
You didn't know any spells.
Your spell library was empty.

Dungeon Overview and Level Annotations

Branches:
Dungeon (15/15)            Temple (0/1) D:4            Lair (2/6) D:9
 Spider (3/4) Lair:2          Orc (2/2) D:12            Elf (0/3) Orc:2
 Vaults (0/5) D:14         Depths (0/5) D:15
  Swamp: Lair:2-4    Shoals: Lair:2-4

Altars:
Nemelex Xobeh
Okawaru
Zin
Beogh

Shops:
D:5 *   D:8 *(   Orc:2 (::[*?!}(

Portals:
Pandemonium: Orc:2

Annotations:
Spider:3 exclusion: Roxanne, Roxanne


Innate Abilities, Weirdness & Mutations

((You have claws for hands.))
(You are partially covered in rugged brown scales. (AC +1, +3% HP))
You regenerate health from kills.
((You are partially covered in sharp spines.))


Message History

The emperor scorpion completely misses you.
The emperor scorpion claws you but does no damage.
The emperor scorpion claws you!
* * * LOW HITPOINT WARNING * * *
Really quaff the potion of lignification?
You turn into a tree.
Your +1 cloak of invisibility melds into your body.
Your +2 helmet of see invisible melds into your body.
Your +5 plate armour of poison resistance melds into your body.
You feel less perceptive.
Your roots penetrate the ground.
You feel sick. The tarantella bites you!
* * * LOW HITPOINT WARNING * * *
The tarantella bites you but does no damage.
The emperor scorpion stings you!!
* * * LOW HITPOINT WARNING * * *
The emperor scorpion claws you but does no damage.
The emperor scorpion claws you.
* * * LOW HITPOINT WARNING * * *
The demonic crawler hits you.
You die...

......... .>......s
###......s #........
......#### #. ###$..$.....
.....#...†.......
.....#..††.......
.....##^s♣s##....
.........s..###########
..........##...^^.^^.#
####......<.........^.####
...^...^†>...........##...
.....#...................
....##....##....#........
...##..^...#....#..>.....
..##.......#....#^†††...#


You could see an emperor scorpion, a demonic crawler and a tarantella.

Vanquished Creatures
  Gastronok (D:9)
  2 ghost moths (Spider:2)
  Louise (D:15)
  3 emperor scorpions
  2 entropy weavers
  A minotaur (Gauntlet)
  Nessos (D:14)
  An ettin (D:12)
  A death ooze (Gauntlet)
  2 ogre magi (D:15)
  2 ice dragons (IceCv)
  A hell beast (Gauntlet)
  3 hydras
  Erica (D:9)
  3 centaur warriors
  13 two-headed ogres
  3 death yaks (D:9)
  4 orc high priests (Orc:2)
  2 unseen horrors (D:15)
  5 skeletal warriors (D:15)
  2 torturous demonspawn (Orc:2)
  An infernal demonspawn (Orc:2)
  A necromancer (D:14)
  6 orc knights
  27 wolf spiders
  10 orc sorcerers
  2 deep elf magi
  14 ugly things
  3 cyclopes
  2 orb spiders
  3 manticores
  2 moths of wrath
  A black mamba (Lair:2)
  A rust devil (Orc:2)
  A torpor snail (Spider:1)
  An ice statue (IceCv)
  A gargoyle (D:11)
  3 spiny frogs (Lair:1)
  7 demonic crawlers
  2 rime drakes (IceCv)
  A tengu conjurer (D:12)
  A queen bee (D:9)
  19 jumping spiders
  A troll (shapeshifter) (D:14)
  2 hornets
  9 trolls
  A wolf spider simulacrum (Gauntlet)
  6 hippogriffs
  69 redbacks
  29 tarantellas
  Sigmund (D:3)
  7 yaks
  A shadow (D:13)
  A basilisk (Lair:1)
  2 wyverns
  A hungry ghost (D:11)
  A chaos spawn (Orc:2)
  7 vampire mosquitoes
  Grum (D:8)
  A warg (Orc:2)
  5 water moccasins
  A hell hound (Gauntlet)
  4 acid dragons
  3 black bears
  22 orc warriors
  3 porcupines (Lair:2)
  3 phantoms
  16 ice beasts
  A hornet zombie (D:12)
  4 sky beasts
  2 necrophages
  11 ogres
  6 wolves
  5 centaurs
  3 crocodiles
  2 big kobolds
  13 bullfrogs
  4 water moccasin zombies (Ossuary)
  A hornet simulacrum (Gauntlet)
  4 scorpions
  33 killer bees
  9 wights
  An electric eel (Spider:1)
  5 howler monkeys
  6 crimson imps
  A bullfrog zombie (D:8)
  5 centaur zombies
  6 hounds
  4 jellies
  2 quasits
  2 wyvern simulacra (Gauntlet)
  Crazy Yiuf (D:3)
  3 bullfrog skeletons
  20 orc priests
  14 orc wizards
  4 centaur skeletons
  7 iguanas
  15 worker ants
  2 big kobold zombies (Ossuary)
  A bullfrog simulacrum (Gauntlet)
  2 mummies (Ossuary)
  2 hound skeletons
  A worker ant zombie (D:7)
  A gnoll (D:8)
  15 adders
  A hound simulacrum (D:11)
  3 shadow imps
  A howler monkey simulacrum (D:11)
  An ooze (D:5)
  2 adder skeletons
  5 adder zombies
  4 worms
  3 leopard geckos
  83 orcs
  A ball python (D:5)
  4 giant cockroaches
  2 gnoll zombies (Ossuary)
  8 goblins
  6 hobgoblins
  17 jackals
  9 kobolds
  3 quokkas
  5 bats
  12 frilled lizards
  A hobgoblin zombie (Ossuary)
  A jackal skeleton (D:6)
  4 kobold zombies (Ossuary)
  A leopard gecko skeleton (D:4)
  7 orc zombies (Ossuary)
  A quokka zombie (D:6)
  5 rats
  4 fungi (D:3)
772 creatures vanquished.

Vanquished Creatures (collateral kills)
  An ettin (D:12)
  A centaur warrior (D:8)
  A deep troll earth mage (D:12)
  2 orc high priests (Orc:2)
  A skeletal warrior (D:12)
  A swamp dragon (shapeshifter) (D:12)
  9 orb spiders
  An orc sorcerer (Orc:2)
  A wolf spider (Spider:2)
  An ice statue (IceCv)
  A queen bee (D:8)
  A red devil (Orc:2)
  A troll (D:8)
  4 jumping spiders
  4 redbacks
  A tarantella (Spider:2)
  A basilisk (shapeshifter) (D:8)
  A steam dragon (D:8)
  A neqoxec (Orc:2)
  An acid dragon (D:8)
  A sky beast (D:14)
  3 orc warriors
  An ogre (D:8)
  5 killer bees
  2 orc priests (Orc:2)
  A shadow imp (D:8)
  5 orcs (Orc:2)
53 creatures vanquished.

Vanquished Creatures (others)
  An orc wizard (Orc:2)
  3 fungi (Lair:2)
  8 withered plants (Gauntlet)
12 creatures vanquished.

Grand Total: 837 creatures vanquished

Notes
Turn   | Place    | Note
-------+----------+-------------------------------------------
     0 | D:1      | kotomi the Demonspawn Berserker began the quest for the
                  | Orb.
     0 | D:1      | Reached XP level 1. HP: 18/18 MP: 1/1
   138 | D:1      | Gained mutation: You have sharp fingernails. [demonic
                  | ancestry]
   138 | D:1      | Reached XP level 2. HP: 21/24 MP: 2/2
   866 | D:2      | Reached skill level 1 in Stealth
   866 | D:2      | Reached XP level 3. HP: 29/29 MP: 3/3
   866 | D:2      | Reached ** piety under Trog
   867 | D:2      | Reached XP level 4. HP: 35/35 MP: 4/4
  1117 | D:2      | Found an iron altar of Okawaru.
  1582 | D:3      | Reached XP level 5. HP: 32/42 MP: 5/5
  1647 | D:3      | Noticed Sigmund
  1661 | D:3      | Killed Sigmund
  1661 | D:3      | Reached skill level 4 in Fighting
  1661 | D:3      | Gained mutation: You are partially covered in sharp spines.
                  | [demonic ancestry]
  1661 | D:3      | Reached XP level 6. HP: 44/48 MP: 6/6
  2193 | D:3      | Found a runed translucent door.
  2194 | D:3      | Noticed Crazy Yiuf
  2208 | D:3      | Killed Crazy Yiuf
  2579 | D:4      | Gained mutation: You regenerate a little health from kills.
                  | [demonic ancestry]
  2579 | D:4      | Reached XP level 7. HP: 49/55 MP: 7/7
  2727 | D:4      | Reached *** piety under Trog
  2775 | D:4      | Found a sand-covered staircase.
  2812 | Ossuary  | Entered an ossuary
  2990 | Ossuary  | Reached skill level 5 in Fighting
  3023 | Ossuary  | Gained mutation: Your magical capacity is low. (-10% MP)
                  | [potion of mutation]
  3023 | Ossuary  | Gained mutation: You are agile. (Dex +2) [potion of
                  | mutation]
  3024 | Ossuary  | Lost mutation: Your magical capacity is low. (-10% MP)
                  | [potion of mutation]
  3024 | Ossuary  | Lost mutation: You are agile. (Dex +2) [potion of mutation]
  3024 | Ossuary  | Gained mutation: You have sharp toenails. [potion of
                  | mutation]
  3024 | Ossuary  | Gained mutation: You are resistant to hostile enchantments.
                  | (MR+) [potion of mutation]
  3064 | D:4      | Reached **** piety under Trog
  3194 | D:4      | Found a staircase to the Ecumenical Temple.
  3501 | D:5      | Entered Level 5 of the Dungeon
  3505 | D:5      | Reached XP level 8. HP: 62/62 MP: 8/8
  3603 | D:5      | Found Ugrat's Assorted Antiques.
  3933 | D:5      | Found a glowing silver altar of Zin.
  3994 | D:5      | Reached skill level 5 in Axes
  4116 | D:5      | Got a transparent trident
  4460 | D:6      | Noticed a hippogriff
  4469 | D:6      | Killed a hippogriff
  4469 | D:6      | Reached skill level 5 in Armour
  4552 | D:6      | Reached skill level 5 in Dodging
  4555 | D:6      | Reached skill level 6 in Fighting
  4555 | D:6      | Reached skill level 5 in Stealth
  4560 | D:6      | Gained mutation: You regenerate health from kills. [demonic
                  | ancestry]
  4560 | D:6      | Reached XP level 9. HP: 69/69 MP: 9/9
  4659 | D:6      | Reached ***** piety under Trog
  4912 | D:7      | Received a gift from Trog
  4974 | D:7      | Got a fine lajatang {god gift}
  4994 | D:7      | Identified the +8 lajatang of Starshine {slice, rPois rC+++
                  | Int-2 Dex+2} (Trog gifted it to you on level 7 of the
                  | Dungeon)
  5181 | D:7      | Reached skill level 1 in Staves
  5476 | D:8      | Found Vuacarch's Assorted Antiques.
  5648 | D:8      | Reached skill level 5 in Staves
  5723 | D:8      | Noticed a centaur warrior
  5723 | D:8      | Noticed a cyclops
  5724 | D:8      | Found the +9 heavy crossbow "Sniper" {velocity, Acc+∞ SInv}
  5729 | D:8      | Noticed a troll
  5730 | D:8      | Killed a centaur warrior
  5739 | D:8      | Reached XP level 10. HP: 77/77 MP: 10/10
  5746 | D:8      | Killed a cyclops
  5784 | D:8      | Got an amethyst-encrusted leather armour
  5795 | D:8      | Identified the +1 leather armour "Wuymid Fago" {rC- MP+9
                  | Dex+3 Stlth+} (You found it on level 8 of the Dungeon)
  5897 | D:8      | Noticed Grum
  5909 | D:8      | Killed Grum
  5981 | D:8      | Found Catug's Antique Weapon Shoppe.
  6693 | D:9      | Noticed a death yak
  6694 | D:9      | Found a staircase to the Lair.
  6698 | D:9      | Noticed a death yak
  6699 | D:9      | Noticed a death yak
  6703 | D:9      | Killed a death yak
  6708 | D:9      | Killed a death yak
  6708 | D:9      | Reached skill level 10 in Staves
  6721 | D:9      | Killed a death yak
  6721 | D:9      | Reached XP level 11. HP: 41/82 MP: 11/11
  6734 | D:9      | Got a spiked chain mail
  6745 | D:9      | Identified the +5 chain mail of Emnan {*Drain rC+++ Str+6}
                  | (You found it on level 9 of the Dungeon)
  6952 | D:9      | Noticed Erica
  6958 | D:9      | Killed Erica
  7303 | D:9      | Noticed Gastronok
  7313 | D:9      | Killed Gastronok
  7451 | D:10     | Entered Level 10 of the Dungeon
  8574 | D:11     | Received a gift from Trog
  8664 | D:11     | Noticed a six-headed hydra
  8668 | D:11     | Noticed an eight-headed hydra
  8669 | D:11     | HP: 4/82 [nine-headed hydra (6)]
  8851 | D:11     | Found a frozen archway.
  8851 | D:11     | Noticed a two-headed ogre
  8855 | D:11     | Killed a two-headed ogre
  8865 | IceCv    | Entered an ice cave
  8923 | IceCv    | Gained mutation: You are partially covered in rugged brown
                  | scales. (AC +1, +3% HP) [demonic ancestry]
  8923 | IceCv    | Reached XP level 12. HP: 79/91 MP: 12/12
  9125 | IceCv    | Noticed an ice dragon
  9126 | IceCv    | Noticed an ice dragon
  9142 | IceCv    | Killed an ice dragon
  9146 | IceCv    | Killed an ice dragon
  9205 | IceCv    | Got a twitching amber ring
  9239 | IceCv    | Identified the ring of Prescription {Ice rElec rPois Int+6
                  | Dex-2} (You found it in an ice cave)
  9713 | D:11     | Killed an 11-headed hydra
  9717 | D:11     | Killed a ten-headed hydra
  9786 | D:11     | Reached skill level 7 in Fighting
 10112 | D:12     | Found a runed translucent door.
 10115 | D:12     | Noticed an ettin
 10122 | D:12     | Killed an ettin
 10140 | D:12     | Reached skill level 8 in Fighting
 10143 | D:12     | Noticed a deep troll earth mage
 10146 | D:12     | Reached skill level 1 in Throwing
 10147 | D:12     | Killed a deep troll earth mage
 10307 | D:12     | Noticed a centaur warrior
 10307 | D:12     | Noticed an ettin
 10318 | D:12     | Killed an ettin
 10327 | D:12     | Killed a centaur warrior
 10327 | D:12     | Reached skill level 9 in Fighting
 10605 | D:12     | Found a staircase to the Orcish Mines.
 10611 | D:12     | Found a roughly hewn altar of Beogh.
 10623 | D:12     | Received a gift from Trog
 10707 | D:12     | Noticed a five-headed hydra
 10715 | D:12     | Killed a ten-headed hydra
 10715 | D:12     | Reached XP level 13. HP: 102/104 MP: 13/13
 11152 | D:13     | Got a bloodstained leather armour
 11163 | D:13     | Identified the cursed +0 leather armour of the Neverending
                  | Ships {*Corrode rF+ Int+2 Dex+3} (You found it on level 13
                  | of the Dungeon)
 11552 | D:14     | Found a gate to the Vaults.
 11560 | D:14     | Reached skill level 10 in Fighting
 11846 | D:14     | Noticed Nessos
 12038 | D:14     | Killed Nessos
 12071 | D:14     | Found a sparkling altar of Nemelex Xobeh.
 12275 | D:15     | Entered Level 15 of the Dungeon
 12331 | D:15     | Found a staircase to the Depths.
 12334 | D:15     | Paralysed by an ogre mage for 6 turns
 12355 | D:15     | Reached skill level 11 in Fighting
 12357 | D:15     | Paralysed by an ogre mage for 6 turns
 12596 | D:15     | Reached skill level 10 in Armour
 12598 | D:15     | Gained mutation: You have very sharp fingernails. [demonic
                  | ancestry]
 12598 | D:15     | Reached XP level 14. HP: 58/116 MP: 14/14
 12725 | D:15     | Reached skill level 12 in Fighting
 12857 | D:15     | Noticed Louise
 12866 | D:15     | Killed Louise
 13253 | Orc:1    | Entered Level 1 of the Orcish Mines
 13526 | Orc:2    | Entered Level 2 of the Orcish Mines
 13526 | Orc:2    | Found Jiklieg's Antique Weapon Boutique.
 13648 | Orc:2    | Found a gate leading to a gauntlet.
 13659 | Gauntlet | Entered a Gauntlet
 13659 | Gauntlet | Found a transporter.
 13659 | Gauntlet | Found a transporter.
 13659 | Gauntlet | Found a transporter.
 13684 | Gauntlet | Found a transporter.
 13684 | Gauntlet | Found a transporter.
 13694 | Gauntlet | Found a transporter.
 13698 | Gauntlet | Found a transporter.
 13707 | Gauntlet | Noticed a cacodemon
 13710 | Gauntlet | Found a transporter.
 13730 | Gauntlet | Found a transporter.
 13748 | Gauntlet | Found a transporter.
 13764 | Gauntlet | Found a transporter.
 13818 | Gauntlet | Found a transporter.
 13976 | Gauntlet | Got a fine brass amulet
 13978 | Gauntlet | Identified the amulet "Ginn" {Regen+ Str+4} (You found it
                  | in a Gauntlet)
 13998 | Gauntlet | Reached skill level 13 in Fighting
 14186 | Orc:2    | Found Pialusiz's Gadget Shoppe.
 14216 | Orc:2    | Found Oxkiewar's Mayhem Merchandise.
 14230 | Orc:2    | Found a staircase to the Elven Halls.
 14241 | Orc:2    | Found Boigg's Antique Weapon Shop.
 14341 | Orc:2    | Found Xuch's Magic Scroll Emporium.
 14344 | Orc:2    | Found Ykumon's Distillery.
 14351 | Orc:2    | Received a gift from Trog
 14461 | Orc:2    | Bought a scroll of teleportation for 42 gold pieces
 14461 | Orc:2    | Bought a scroll of identify for 28 gold pieces
 14461 | Orc:2    | Bought a scroll of identify for 28 gold pieces
 14469 | Orc:2    | Bought a scroll of brand weapon for 280 gold pieces
 14469 | Orc:2    | Lost mutation: You have sharp toenails. [potion of
                  | mutation]
 14469 | Orc:2    | Lost mutation: You are resistant to hostile enchantments.
                  | (MR+) [potion of mutation]
 14469 | Orc:2    | Gained mutation: Your magical capacity is low. (-10% MP)
                  | [potion of mutation]
 14469 | Orc:2    | Gained mutation: You are agile. (Dex +2) [potion of
                  | mutation]
 14469 | Orc:2    | Lost mutation: You are agile. (Dex +2) [potion of mutation]
 14469 | Orc:2    | Lost mutation: Your magical capacity is low. (-10% MP)
                  | [potion of mutation]
 14641 | Orc:2    | Gained mutation: You have claws for hands. [demonic
                  | ancestry]
 14641 | Orc:2    | Reached XP level 15. HP: 128/128 MP: 15/15
 14642 | Orc:2    | Found Tagyojoom's Book Boutique.
 14642 | Orc:2    | Found a one-way gate leading to the halls of Pandemonium.
 14642 | Orc:2    | Found Syuff's Antique Armour Shop.
 14736 | Orc:2    | Found Ebiun's Book Emporium.
 15050 | Lair:1   | Entered Level 1 of the Lair of Beasts
 15584 | Lair:1   | Reached skill level 14 in Fighting
 15806 | Lair:2   | Found a hole to the Spider Nest.
 15934 | Lair:2   | Received a gift from Trog
 16349 | Spider:1 | Entered Level 1 of the Spider Nest
 16607 | Spider:1 | Received a gift from Trog
 17502 | Spider:2 | Reached skill level 15 in Fighting
 17812 | Spider:2 | Received a gift from Trog
 18013 | Spider:2 | Noticed a ghost moth
 18026 | Spider:2 | Killed a ghost moth
 18030 | Spider:2 | Identified the amulet of Gihot {Gourm rPois Int+7} (You
                  | found it on level 2 of the Spider Nest)
 18043 | Spider:2 | Noticed a ghost moth
 18050 | Spider:2 | Killed a ghost moth
 18098 | Spider:2 | Reached XP level 16. HP: 131/140 MP: 6/16
 18384 | Spider:3 | Identified Roxanne's Papyrus of Transformation
 18384 | Spider:3 | Noticed Roxanne
 18679 | Spider:3 | HP: 8/213 [emperor scorpion (11)]
 18688 | Spider:3 | HP: 7/213 [emperor scorpion (22)]
 18688 | Spider:3 | HP: 1/213 [emperor scorpion (6)]
 18688 | Spider:3 | Slain by a demonic crawler

Skill      XL: |  1  2  3  4  5  6  7  8  9 10 11 12 13 14 15 16 |
---------------+-------------------------------------------------+-----
Dodging        | 2 3 4 5 6 7 8 |  8.3
Armour         | 2 3 4 5 7 10 11 13 14 | 14.0
Axes           | 3 4 5 |  5.8
Stealth        | 1 2 3 5 |  5.6
Fighting       | 4 5 6 9 11 13 15 | 15.9
Staves         | 6 10 13 14 | 14.0
Throwing       | 1 2 3 |  3.3

Action                   |  1- 3 |  4- 6 |  7- 9 | 10-12 | 13-15 | 16-18 || total
-------------------------+-------+-------+-------+-------+-------+-------++-------
Melee: Hand axe          |    82 |   222 |   246 |       |       |       ||   550
       Kick              |       |       |    71 |   145 |     2 |       ||   218
       War axe           |       |       |    59 |       |       |       ||    59
       Lajatang          |       |       |    44 |   379 |   812 |   154 ||  1389
Throw: Tomahawk          |       |       |     1 |     4 |     4 |       ||     9
       Javelin           |       |       |       |     2 |     4 |     4 ||    10
Invok: Berserk           |     2 |     2 |       |     4 |     8 |     1 ||    17
       Trog's Hand       |       |     3 |     2 |     7 |    11 |     4 ||    27
       Brothers in Arms  |       |       |     3 |     9 |    16 |     4 ||    32
Evoke: Wand              |       |       |       |       |       |     1 ||     1
  Use: Scroll            |     4 |     6 |     1 |    13 |    16 |     1 ||    41
       Potion            |     3 |     5 |     7 |     2 |     5 |     7 ||    29
 Stab: Invisible         |     4 |       |       |       |       |       ||     4
  Eat: Chunk             |     1 |     9 |    13 |    15 |    33 |     5 ||    76
       Ration            |       |       |       |     3 |     2 |       ||     5
Armor: Animal skin       |    10 |       |       |       |       |       ||    10
       Chain mail        |    36 |   107 |   231 |   175 |   226 |       ||   775
       Plate armour      |       |       |       |    47 |   318 |   203 ||   568
       Skin              |       |       |       |       |       |     2 ||     2
Dodge: Dodged            |    61 |    65 |   166 |   303 |   852 |   322 ||  1769
